Map: Emerald City LE

Players

JIDEKO - Winner!

  • Race: Protoss Protoss
  • League: Gold
  • Spawn Location: 11:00

McFeast - Winner!

  • Race: Terran Terran
  • Spawn Location: 11:00

Massa

  • Race: Terran Terran
  • League: Platinum
  • Spawn Location: 5:00

qqq

  • Race: Zerg Zerg
  • Spawn Location: 5:00

VOD

Have the link to the VOD?

Description

Time

  • Played on: Nov. 12, 2020, 2:22 p.m.
  • Length: 19:04
Show
View Real Time Build Order
Export as new Build Order

JIDEKO Protoss - Winner!

Build Orders:  

Get SALT Encoding   

  12  0:00  Probe  
  13  0:12  Probe  
  14  0:18  Pylon  
  14  0:24  Probe  
  15  0:37  Gateway  
  15  0:59  Gateway  
  15  1:04  Probe  
  15  1:10  Assimilator  
  16  1:16  Assimilator  
  16  1:39  Probe (Chrono Boost)  
  17  1:50  Probe (Chrono Boost)  
  18  1:55  Probe (Chrono Boost)  
  18  1:56  Cybernetics Core  
  19  2:03  Pylon  
  19  2:05  Probe  
  20  2:17  Probe  
  20  2:29  Probe  
  21  2:32  Stalker x2  
  21  2:34  Warp Gate  
  25  2:41  Probe  
  26  2:47  Pylon  
  26  2:53  Probe  
  27  3:04  Stalker x2  
  31  3:26  Nexus  
  31  3:29  Probe  
  32  3:36  Stalker  
  34  3:44  Stalker  
  36  3:50  Probe  
  37  4:06  Probe  
  38  4:15  Stargate  
  38  4:18  Probe  
  38  4:19  Robotics Facility  
  37  5:00  Phoenix  
  37  5:01  Probe x2  
  37  5:05  Assimilator  
  41  5:09  Assimilator  
  41  5:20  Observer  
  42  5:25  Stargate  
  32  5:44  Oracle  
  32  5:46  Probe x2 (Chrono Boost)  
  37  5:56  Probe x2 (Chrono Boost)  
  39  6:01  Probe (Chrono Boost)  
  39  6:03  Stalker  
  39  6:04  Zealot  
  44  6:06  Probe  
  44  6:10  Phoenix  
  47  6:12  Probe  
  47  6:18  Probe  
  49  6:24  Probe  
  50  6:30  Probe  
  51  6:35  Fleet Beacon  
  51  6:36  Probe  
  52  6:42  Probe  
  53  6:48  Probe  
  53  6:50  Nexus  
  54  6:59  Phoenix  
  53  7:07  Pylon  
  53  7:08  Probe  
  54  7:09  Pylon  
  54  7:11  Pylon  
  54  7:13  Pylon  
  54  7:25  Probe, Phoenix  
  57  7:36  Phoenix  
  59  7:38  Probe x2  
  61  7:49  Shield Battery  
  61  7:51  Shield Battery  
  61  7:52  Phoenix  
  61  7:58  Probe x2  
  67  8:10  Probe x2  
  67  8:11  Protoss Air Weapons Level 1  
  57  8:15  Stalker x2  
  57  8:17  Phoenix  
  49  8:42  Phoenix  
  49  9:07  Phoenix  
  51  9:11  Probe x2  
  51  9:12  Probe  
  54  9:19  Pylon  
  54  9:21  Pylon  
  54  9:24  Probe x2 (Chrono Boost)  
  56  9:28  Stargate  
  56  9:30  Probe (Chrono Boost), Stargate  
  57  9:32  Phoenix  
  57  9:36  Probe (Chrono Boost)  
  57  9:37  Assimilator  
  61  9:41  Probe x2 (Chrono Boost), Assimilator  
  61  9:45  Probe (Chrono Boost)  
  63  9:46  Probe (Chrono Boost)  
  63  9:48  Probe (Chrono Boost)  
  65  9:58  Probe x2  
  67  10:15  Phoenix x2  
  67  10:17  Probe x3  
  74  10:29  Probe x3, Observer  
  74  10:31  Void Ray  
  82  10:45  Void Ray x2  
  80  10:56  Flux Vanes  
  88  10:57  Probe x2  
  88  10:58  Probe  
  91  11:10  Probe x3  
  94  11:17  Void Ray  
  94  11:22  Forge  
  98  11:26  Nexus  
  98  11:28  Void Ray  
  98  11:29  Probe x3  
  98  11:30  Assimilator  
  98  11:32  Carrier, Assimilator  
  107  11:34  Pylon  
  110  12:00  Void Ray  
  110  12:07  Void Ray  
  106  12:30  Nexus  
  106  12:33  Void Ray  
  106  12:35  Pylon  
  106  12:36  Pylon  
  106  12:40  Assimilator  
  106  12:41  Void Ray, Assimilator  
  110  12:45  Probe x3  
  117  12:51  Pylon  
  117  12:53  Carrier  
  117  12:54  Protoss Air Weapons Level 2 (Chrono Boost)  
  123  13:05  Stargate  
  123  13:07  Stargate  
  123  13:18  Carrier  
  126  13:26  Void Ray  
  86  13:55  Tempest x2  
  86  13:57  Tempest  
  101  14:03  Probe x3  
  101  14:09  Void Ray  
  108  14:24  Void Ray  
  112  14:35  Void Ray  
  112  14:38  Nexus, Void Ray  
  112  14:42  Void Ray  
  114  14:51  Void Ray  
  117  15:20  Protoss Air Armor Level 1  
  117  15:24  Pylon  
  117  15:25  Pylon  
  117  15:36  Void Ray x2  
  117  15:37  Void Ray x2  
  133  15:52  Void Ray  
  133  15:54  Pylon  
  131  15:58  Pylon  
  131  16:00  Pylon  
  125  16:13  Void Ray x2  
  125  16:14  Void Ray  
  125  16:16  Void Ray  
  135  16:33  Void Ray  
  139  16:42  Nexus  
  139  16:43  Pylon  
  139  16:45  Pylon  
  139  16:49  Assimilator  
  139  16:50  Assimilator  
  139  17:00  Tempest x3  
  139  17:01  Tempest  
  159  17:10  Probe, Photon Cannon  
  159  17:11  Probe x2, Photon Cannon  
  159  17:15  Photon Cannon  
  147  17:30  Tempest  
  152  17:37  Void Ray x3  
  152  17:38  Void Ray  
  152  17:43  Probe x3  
  171  17:54  Probe  
  171  17:55  Probe x3  
  173  18:06  Probe  
  173  18:07  Void Ray  
  173  18:09  Pylon  
  173  18:11  Pylon  
  173  18:12  Pylon  
  174  18:14  Void Ray x2  
  178  18:21  Void Ray  
  178  18:27  Oracle  
  193  18:45  Probe x4  
Show
View Real Time Build Order
Export as new Build Order

McFeast Terran - Winner!

Build Orders: Reaper Expand, Mech 

Get SALT Encoding   

  12  0:01  SCV  
  13  0:13  SCV  
  14  0:17  Supply Depot  
  14  0:25  SCV  
  15  0:40  Barracks  
  15  0:41  SCV  
  16  0:54  SCV  
  17  0:57  Refinery  
  16  1:08  SCV  
  17  1:20  SCV  
  18  1:40  Orbital Command  
  18  1:44  Supply Depot  
  18  1:45  Reaper  
  19  1:59  Command Center  
  19  2:08  SCV  
  20  2:17  Refinery  
  20  2:25  Barracks Reactor  
  20  2:31  SCV  
  20  2:33  Supply Depot  
  21  2:39  Factory  
  21  2:43  SCV  
  22  2:55  SCV  
  23  3:11  SCV  
  24  3:21  Orbital Command  
  24  3:26  Factory Tech Lab  
  24  3:31  Factory  
  24  3:35  SCV  
  24  3:37  Factory  
  25  3:44  Orbital Command  
  25  3:46  Hellion, Infernal Pre-Igniter  
  26  3:52  SCV  
  27  4:04  SCV  
  27  4:09  Command Center  
  28  4:12  SCV  
  28  4:14  Siege Tank  
  28  4:16  SCV  
  33  4:20  Hellion  
  33  4:22  Factory Tech Lab  
  35  4:28  SCV  
  35  4:29  SCV  
  37  4:32  Hellion  
  37  4:37  Refinery  
  39  4:41  Hellion  
  39  4:43  Siege Tank  
  44  4:46  SCV  
  44  4:47  SCV  
  44  4:50  Supply Depot  
  46  4:55  Hellion  
  46  4:57  Hellion  
  50  5:10  Hellion  
  52  5:15  Hellion  
  52  5:16  Supply Depot  
  52  5:17  Supply Depot  
  54  5:25  Siege Tank  
  54  5:26  Hellion  
  54  5:27  Orbital Command  
  54  5:28  SCV  
  60  5:42  Hellion, Siege Tank  
  63  5:48  Hellion  
  61  6:02  Siege Tank  
  61  6:04  SCV x2, Hellion  
  67  6:07  Refinery  
  67  6:08  SCV  
  67  6:09  Hellion  
  68  6:16  SCV x2  
  70  6:20  SCV  
  70  6:21  Siege Tank  
  74  6:29  Supply Depot  
  74  6:30  Armory  
  74  6:33  Engineering Bay, Supply Depot  
  74  6:41  Orbital Command, SCV  
  74  6:42  SCV  
  76  6:48  Siege Tank  
  76  6:49  Hellion x2  
  76  6:53  Siege Tank  
  86  7:01  Factory  
  86  7:03  Factory  
  86  7:12  Missile Turret  
  86  7:14  Missile Turret  
  82  7:19  Missile Turret x3  
  82  7:20  SCV x2  
  82  7:21  Missile Turret x2  
  68  7:27  Hellion  
  70  7:30  SCV  
  70  7:32  SCV  
  70  7:34  SCV  
  70  7:35  Missile Turret  
  73  7:40  Hellion  
  73  7:42  SCV  
  76  7:44  SCV  
  76  7:46  SCV  
  78  7:56  Missile Turret x2  
  78  7:57  SCV  
  78  7:58  SCV x2  
  81  8:11  Hellion x2, Missile Turret  
  85  8:16  Missile Turret  
  85  8:17  Hellion x2  
  89  8:20  Missile Turret  
  89  8:27  Hellion  
  89  8:28  Hellion  
  89  8:34  Missile Turret  
  93  8:36  Missile Turret  
  93  8:37  Hellion  
  93  8:38  SCV, Hellion  
  93  8:39  SCV  
  99  8:44  SCV  
  99  8:46  Refinery  
  99  8:48  Refinery  
  100  8:50  SCV  
  100  8:51  SCV  
  100  8:53  Missile Turret  
  100  8:54  Missile Turret  
  100  8:55  Factory Tech Lab x2  
  102  8:56  SCV  
  103  9:18  Missile Turret  
  103  9:21  SCV x3  
  106  9:28  Terran Vehicle Weapons Level 1  
  106  9:29  Armory  
  106  9:39  SCV  
  106  9:40  SCV x2, Missile Turret  
  106  9:44  Missile Turret x2  
  106  9:45  Missile Turret  
  109  9:46  Missile Turret x2  
  109  9:51  Supply Depot  
  109  9:53  Supply Depot  
  109  9:56  Supply Depot  
  109  9:59  Supply Depot  
  109  10:05  Missile Turret  
  109  10:06  Missile Turret  
  109  10:07  Missile Turret x2  
  109  10:13  Hellion x2, Siege Tank  
  116  10:14  Hellion, Siege Tank x2  
  124  10:26  Factory, Terran Vehicle And Ship Armor Level 1  
  124  10:28  Factory  
  124  10:39  Command Center  
  123  10:43  Siege Tank  
  123  10:49  Widow Mine x2  
  134  10:50  Widow Mine x3  
  134  10:52  SCV  
  134  10:53  SCV x2  
  139  11:05  Command Center  
  139  11:06  Supply Depot  
  139  11:09  Supply Depot  
  139  11:10  Supply Depot x2  
  139  11:11  Supply Depot  
  139  11:13  Factory Tech Lab x2  
  139  11:14  Supply Depot  
  139  11:22  Supply Depot x2  
  139  11:25  Supply Depot  
  139  11:27  Siege Tank, Thor, Supply Depot  
  139  11:31  Thor, Siege Tank  
  157  11:33  Supply Depot x2  
  157  11:34  Supply Depot x3  
  157  11:35  Supply Depot  
  157  11:41  Hellion  
  157  11:42  Hellion x2  
  163  11:57  Thor  
  169  12:06  Thor  
  169  12:07  Thor  
  181  12:25  Thor x3  
  191  12:30  Orbital Command  
  191  12:34  Missile Turret  
  191  12:39  Terran Vehicle And Ship Armor Level 2, Terran Vehicle Weapons Level 2  
  191  12:42  Thor  
  199  12:44  Widow Mine  
  196  13:15  SCV x3  
  196  13:16  SCV  
  193  14:52  Siege Tank  
  193  14:54  Thor  
  189  15:10  Thor  
  189  15:11  Thor x3  
  189  15:13  Hellion x2  
  161  15:24  Thor  
  167  15:34  Hellion x2  
  171  15:37  Thor  
  177  15:44  Refinery  
  177  15:46  Refinery  
  177  15:53  Thor x2  
  177  15:54  Hellion x2  
  193  16:03  Hellion x2  
  188  16:07  Siege Tank  
  187  16:15  Siege Tank  
  187  16:16  Hellion  
  186  16:19  Thor  
  186  16:24  Hellion  
  186  16:25  Hellion  
  198  16:40  Hellion  
  198  16:46  Hellion  
  198  16:52  Hellion  
  176  17:19  Thor  
  176  17:20  Thor x2  
  176  17:21  Hellion x2  
  192  17:26  Hellion x2  
  190  17:35  Thor  
  196  17:42  Hellion x2  
  200  17:47  Hellion  
  196  17:51  Thor  
  174  18:31  Refinery  
Show
View Real Time Build Order
Export as new Build Order

Massa Terran 

Build Orders:  

Get SALT Encoding   

  12  0:00  SCV  
  13  0:12  SCV  
  14  0:23  Supply Depot  
  14  0:24  SCV  
  15  0:45  SCV  
  15  0:46  Barracks  
  16  0:57  SCV  
  17  1:09  SCV  
  18  1:31  Refinery  
  18  1:32  SCV  
  19  1:33  Refinery  
  19  1:37  Marine  
  20  1:42  Supply Depot  
  20  1:43  Command Center  
  20  1:52  Orbital Command  
  20  1:54  Marine  
  21  2:09  Supply Depot  
  21  2:25  Barracks Reactor  
  21  2:31  SCV  
  21  2:36  Factory  
  22  2:43  SCV  
  23  2:50  Engineering Bay  
  23  2:55  SCV  
  24  3:05  Orbital Command  
  24  3:07  SCV  
  25  3:19  SCV  
  25  3:27  Hellion  
  27  3:33  SCV x2  
  29  3:45  SCV x2  
  29  3:48  Hellion  
  32  3:50  Marine x2  
  32  3:55  Starport  
  34  3:57  SCV  
  34  3:58  SCV  
  34  3:59  Missile Turret  
  36  4:08  Marine x2  
  39  4:10  SCV x2  
  40  4:20  Factory Tech Lab  
  40  4:22  SCV  
  41  4:25  Marine  
  41  4:26  Marine  
  42  4:40  Siege Tank  
  42  4:43  Marine  
  42  4:44  Marine  
  47  4:46  Barracks  
  45  5:01  Marine  
  46  5:12  Supply Depot x2  
  46  5:15  Command Center  
  46  5:33  Marine x2, Medivac  
  50  5:36  Barracks Tech Lab  
  50  5:38  Supply Depot  
  50  5:43  Barracks, Siege Tank  
  50  5:45  Barracks  
  53  5:51  Marine x2  
  54  6:03  Marauder, Medivac  
  58  6:04  Stimpack  
  58  6:05  SCV x2  
  58  6:09  Marine x2  
  62  6:13  Missile Turret  
  62  6:17  SCV x2  
  64  6:25  Marauder  
  66  6:26  Marine x2  
  66  6:29  Orbital Command  
  68  6:42  Refinery  
  68  6:44  Refinery, Marine x2  
  68  6:46  Barracks Reactor, Barracks Tech Lab, Marauder  
  72  7:01  Terran Infantry Weapons Level 1  
  72  7:04  Armory  
  72  7:08  Starport Reactor, Command Center  
  72  7:13  Marine x4  
  76  7:30  Marine x2  
  78  7:40  Marauder  
  78  7:41  Marauder, Marine x2  
  84  7:48  Marine  
  85  7:54  Supply Depot x2  
  85  7:55  Supply Depot x2  
  85  8:07  Orbital Command  
  85  8:15  SCV x2, Marine x2, Siege Tank  
  85  8:16  Marauder x2  
  85  8:17  Supply Depot x2  
  85  8:19  Supply Depot  
  87  8:28  SCV  
  85  8:37  Marauder  
  83  9:01  SCV  
  83  9:02  SCV x2  
  82  9:06  Missile Turret  
  82  9:13  Sensor Tower  
  82  9:14  SCV x3  
  85  9:29  SCV x2  
  85  9:30  SCV  
  88  9:35  Orbital Command  
  88  9:37  Terran Vehicle Weapons Level 1  
  88  9:38  Terran Infantry Armor Level 1  
  88  9:41  SCV x2, Engineering Bay  
  88  9:42  SCV  
  91  9:50  Barracks  
  91  9:54  Barracks  
  91  10:09  Refinery, Factory  
  91  10:10  SCV x4  
  91  10:11  Refinery  
  95  10:22  SCV x3, Terran Infantry Weapons Level 2  
  95  10:23  SCV  
  95  10:26  Medivac x2  
  103  10:31  Siege Tank  
  103  10:32  Smart Servos  
  103  10:34  SCV, Combat Shield  
  107  10:37  Concussive Shells  
  107  10:40  Barracks Tech Lab  
  107  10:41  Barracks Tech Lab  
  107  10:44  Marine x2  
  107  10:45  Marauder x2  
  113  10:56  Medivac x2  
  117  10:59  SCV x2  
  117  11:00  SCV  
  120  11:07  Marauder x2  
  124  11:11  SCV x2  
  124  11:12  SCV  
  124  11:15  Marauder x2  
  131  11:25  Medivac  
  131  11:26  Medivac  
  131  11:28  Marauder x2  
  131  11:30  Armory  
  131  11:31  Terran Vehicle And Ship Armor Level 1  
  139  11:34  Orbital Command, Missile Turret  
  139  11:36  Marauder x2  
  143  11:40  Terran Infantry Armor Level 2  
  143  11:50  Marauder x2  
  147  11:55  Medivac  
  147  11:56  Medivac  
  151  12:10  SCV x3  
  151  12:11  SCV  
  151  12:15  Refinery  
  155  12:18  Refinery  
  155  12:21  Missile Turret  
  155  12:22  SCV  
  156  12:23  SCV  
  156  12:24  Missile Turret  
  137  12:42  Missile Turret  
  137  12:46  Missile Turret  
  119  13:45  Terran Infantry Weapons Level 3, Terran Vehicle And Ship Armor Level 2  
  119  13:46  Terran Vehicle Weapons Level 2  
  119  13:48  Medivac x2  
  123  13:49  Siege Tank  
  123  13:53  Factory Tech Lab  
  126  13:59  Command Center  
  126  14:00  Marauder x2  
  126  14:01  Marauder x2  
  134  14:03  Marine x4  
  138  14:18  Medivac  
  138  14:20  Marine  
  138  14:21  Marine x3, Siege Tank  
  138  14:22  Marauder x4  
  138  14:23  Starport  
  155  14:24  Starport, Terran Infantry Armor Level 3  
  155  14:28  Command Center  
  155  14:50  Supply Depot  
  155  14:51  Supply Depot  
  155  14:52  Supply Depot x2  
  155  14:56  Supply Depot  
  155  15:05  Marauder  
  156  15:11  Marauder x3, Siege Tank  
  165  15:17  Supply Depot x2  
  165  15:19  Supply Depot x2  
  165  15:24  Supply Depot  
  165  15:25  Marine x2  
  165  15:26  Marauder, Marine x2  
  171  15:28  Planetary Fortress  
  171  15:32  Marauder x3  
  177  15:42  Supply Depot  
  173  15:43  Marine, Supply Depot  
  173  15:48  Marauder  
  170  15:54  Marauder x3, Supply Depot  
  151  16:07  Marine x3  
  151  16:08  Marine  
  151  16:09  Marauder  
  144  16:15  Marauder x2, Marine  
  128  16:22  Hi-Sec Auto Tracking  
  128  16:25  Marine x2  
  128  16:26  Siege Tank x2  
  128  16:28  Medivac x2  
  128  16:31  Starport Tech Lab x2, Marauder  
  140  16:33  Marauder, Planetary Fortress  
  140  16:37  Marauder x2  
  146  16:58  Siege Tank x2  
  152  17:01  Neosteel Armor  
  152  17:02  Marauder x4  
  152  17:03  Marine  
  152  17:04  Marine x3  
  133  17:16  Refinery  
  133  17:21  Marine  
  133  17:22  Marine x3  
  121  17:23  Refinery, Marauder x3  
  121  17:24  Refinery, Marauder  
  126  17:30  Siege Tank x2  
  129  17:39  Barracks x2, Marine x4  
  133  17:45  Marauder x4  
  141  17:57  Marine x4  
  145  18:02  Siege Tank x2  
  132  18:06  Marauder x4  
  112  18:15  Marine x3  
  107  18:21  Marine  
  105  18:27  Marauder x2  
  105  18:28  Barracks x2, Marauder x2  
  105  18:29  Barracks Reactor, Barracks Tech Lab  
  105  18:32  Marine  
  105  18:33  Marine x2  
  116  18:39  Marine  
Show
View Real Time Build Order
Export as new Build Order

qqq Zerg 

Build Orders: Hatch First 

Get SALT Encoding   

  12  0:00  Drone  
  13  0:08  Drone  
  14  0:40  Hatchery  
  13  0:44  Drone  
  14  1:10  Spawning Pool  
  12  1:37  Overlord  
  12  1:38  Drone x2  
  14  1:43  Extractor  
  13  1:52  Drone  
  13  1:53  Drone  
  15  1:57  Queen  
  17  2:16  Drone x2  
  17  2:17  Queen  
  17  2:19  Extractor  
  17  2:20  Drone x2  
  22  2:40  Drone x2  
  22  2:41  Drone x2  
  26  2:48  Drone  
  26  2:50  Drone  
  28  3:11  Overlord x5  
  28  3:32  Drone x2  
  30  3:34  Drone  
  30  3:37  Drone  
  32  3:42  Drone x2  
  32  3:45  Hatchery, Drone  
  32  3:47  Drone  
  35  3:51  Zergling x2  
  36  3:57  Lair  
  36  4:01  Metabolic Boost  
  36  4:03  Drone  
  36  4:07  Extractor  
  36  4:08  Drone  
  36  4:09  Extractor  
  37  4:10  Drone  
  37  4:12  Drone  
  37  4:15  Zergling x2  
  39  4:18  Zergling x2  
  39  4:19  Zergling x2  
  39  4:20  Zergling x2  
  39  4:22  Zergling x2  
  43  4:24  Zergling x2  
  43  4:26  Zergling x2  
  43  4:28  Zergling x2  
  46  4:32  Zergling x2  
  46  4:33  Zergling x2  
  48  4:42  Zergling x2  
  48  4:44  Zergling x2  
  48  4:45  Zergling x2  
  50  4:58  Zergling x4  
  50  4:59  Zergling x2  
  52  5:00  Zergling x6  
  55  5:07  Zergling x2  
  55  5:08  Zergling x4  
  55  5:09  Zergling x2  
  55  5:10  Spire  
  58  5:17  Drone, Zergling x4  
  46  5:37  Zergling x6  
  46  5:43  Spine Crawler  
  46  5:45  Drone  
  46  5:46  Drone x3, Spine Crawler  
  46  5:47  Drone x2  
  46  5:48  Zergling x2  
  49  6:07  Drone x3  
  52  6:11  Overlord x2  
  52  6:12  Drone  
  52  6:16  Extractor, Queen  
  54  6:24  Drone, Mutalisk x2  
  59  6:25  Mutalisk  
  59  6:27  Drone  
  59  6:30  Mutalisk  
  64  6:34  Zerg Flyer Weapons Level 1  
  64  6:38  Drone x2  
  66  6:41  Mutalisk  
  66  6:43  Drone  
  69  6:48  Corruptor  
  69  6:50  Drone  
  69  6:51  Drone  
  73  7:03  Drone x4  
  73  7:04  Drone, Corruptor  
  73  7:07  Overlord  
  79  7:23  Drone x3  
  79  7:26  Mutalisk x2  
  79  7:27  Corruptor  
  79  7:29  Drone  
  89  7:30  Drone  
  89  7:34  Hatchery  
  89  7:35  Infestation Pit  
  88  7:37  Drone x2  
  88  7:40  Overlord  
  88  7:41  Overlord  
  90  7:54  Extractor  
  90  7:55  Extractor, Mutalisk  
  90  7:58  Overlord x5  
  90  8:09  Mutalisk x2, Corruptor  
  90  8:11  Drone x3  
  88  8:23  Corruptor x2  
  88  8:26  Drone  
  83  8:40  Drone  
  84  8:42  Corruptor x2  
  84  8:45  Drone  
  85  8:51  Drone  
  85  8:52  Corruptor  
  88  9:02  Zerg Flyer Armor Level 1  
  88  9:04  Drone x2  
  88  9:05  Queen  
  91  9:12  Drone x2  
  91  9:14  Corruptor x2  
  91  9:15  Zergling x6  
  91  9:16  Drone, Zergling x2  
  102  9:29  Hive  
  102  9:35  Evolution Chamber  
  102  9:37  Drone x3  
  102  9:38  Hatchery, Baneling Nest  
  102  9:39  Mutalisk, Corruptor  
  102  9:41  Hatchery  
  102  9:45  Drone x2  
  107  9:47  Corruptor  
  107  9:48  Corruptor  
  107  9:50  Drone  
  112  9:59  Drone x2  
  114  10:09  Corruptor  
  114  10:10  Corruptor  
  114  10:11  Mutalisk  
  114  10:12  Mutalisk  
  114  10:14  Zergling x6  
  125  10:15  Drone x2  
  125  10:21  Overlord  
  119  10:50  Mutalisk x2, Corruptor x2  
  119  10:52  Drone x4  
  119  10:56  Drone x2  
  133  10:59  Zerg Melee Weapons Level 1  
  133  11:05  Greater Spire, Evolution Chamber, Corruptor  
  133  11:09  Drone x3, Mutalisk  
  140  11:11  Zergling x8  
  140  11:12  Drone, Zergling x4  
  140  11:16  Extractor  
  140  11:17  Extractor  
  144  11:24  Drone  
  144  11:25  Drone x2  
  147  11:33  Corruptor  
  147  11:34  Mutalisk x2, Corruptor  
  155  11:44  Zergling x4  
  155  11:45  Drone, Zergling x6  
  155  11:46  Drone x3  
  143  12:12  Spine Crawler  
  143  12:13  Mutalisk x6  
  143  12:14  Mutalisk  
  143  12:15  Mutalisk  
  152  12:28  Drone  
  152  12:29  Drone x4  
  156  12:30  Mutalisk x3  
  156  12:33  Spine Crawler  
  156  12:35  Spine Crawler, Queen  
  156  12:36  Spore Crawler  
  161  12:48  Ultralisk Cavern  
  159  12:51  Spine Crawler  
  159  12:53  Drone x4  
  159  12:56  Zergling x4  
  159  12:57  Overlord x3  
  159  12:58  Overlord x7  
  163  12:59  Overlord x3  
  151  13:30  Zergling x4  
  151  13:31  Mutalisk x3, Zergling x4, Corruptor x2  
  151  13:32  Corruptor x3  
  166  13:42  Drone x5  
  166  13:43  Drone  
  166  13:45  Ultralisk x2  
  186  13:55  Brood Lord  
  186  14:01  Zergling x8  
  186  14:02  Zergling x4  
  194  14:10  Extractor x2  
  194  14:16  Ultralisk  
  192  14:19  Anabolic Synthesis  
  192  14:21  Zerg Melee Weapons Level 2  
  184  14:24  Extractor  
  184  14:25  Extractor  
  182  14:33  Spine Crawler  
  182  14:34  Spine Crawler x2  
  176  14:49  Ultralisk x2  
  176  14:50  Zergling x12  
  176  14:51  Drone x2, Zergling x4  
  176  14:52  Drone x2  
  200  15:02  Zerg Ground Armor Level 1, Chitinous Plating  
  163  15:16  Zergling x2, Ultralisk x2  
  163  15:17  Zergling x12  
  182  15:32  Ultralisk x2  
  182  15:33  Zergling x4  
  196  15:42  Hatchery  
  166  16:04  Mutalisk x8  
  141  16:06  Zergling x6  
  141  16:07  Zergling x8  
  148  16:25  Mutalisk x3  
  146  16:37  Mutalisk x3  
  146  16:38  Mutalisk x3  
  145  16:47  Spine Crawler  
  145  16:48  Spine Crawler  
  145  16:54  Mutalisk x4  
  135  17:00  Corruptor x2  
  147  17:02  Zergling x8  
  147  17:03  Zergling x8  
  137  17:28  Mutalisk x6  
  137  17:29  Mutalisk  
  110  17:38  Zergling x12  
  110  17:39  Zergling x2  
  110  17:40  Drone x3  
  110  17:41  Queen  
  102  17:52  Zergling x4, Ultralisk x2  
  102  17:58  Zergling x6  
  108  18:17  Zergling x8  
  108  18:18  Zergling x8  
  111  18:22  Zergling x2  
  111  18:23  Zergling x6  
  105  18:27  Mutalisk  
  105  18:28  Mutalisk  
  89  18:45  Hatchery  
Tags
 
Add a new tag
Caveats
  • Supply blocks, unpowered buildings, or Contaminate may cause inaccurate times.
  • Supply counts are checked every 10 seconds.